Map: Ulrena

Players

Coemgen - Winner!

  • Race: Terran Terran

A.I. 1 (Hard)

  • Race: Terran Terran

VOD

Have the link to the VOD?

Description

Time

  • Played on: May 10, 2016, 1:02 p.m.
  • Length: 5:31
Show
View Real Time Build Order
Export as new Build Order

Coemgen Terran - Winner!

Build Orders: Liberator Opening 

Get SALT Encoding   

  12  0:01  SCV  
  13  0:13  SCV  
  14  0:17  Refinery  
  14  0:25  Supply Depot  
  14  0:30  SCV  
  15  0:46  SCV  
  15  0:49  Barracks  
  16  0:58  SCV  
  16  1:00  Refinery  
  17  1:10  SCV  
  18  1:35  Orbital Command  
  18  1:38  Barracks Reactor  
  18  1:42  Factory  
  18  1:58  Supply Depot  
  18  2:06  SCV  
  18  2:07  Supply Depot  
  19  2:14  Marine x2  
  21  2:18  SCV  
  22  2:31  Starport, Widow Mine  
  24  2:55  SCV  
  25  2:59  Liberator x2  
  25  3:00  Widow Mine  
  27  3:07  SCV  
  28  3:19  SCV  
  35  3:20  Barracks Reactor  
  35  3:40  Command Center  
  35  3:41  Factory Tech Lab  
  35  3:47  SCV  
  36  3:56  Marine x2  
  36  3:59  SCV  
  39  4:10  Supply Depot  
  39  4:12  Supply Depot  
  39  4:31  Siege Tank, Medivac, SCV, Marine  
  46  4:43  SCV  
  47  4:48  Marine  
  47  4:49  Marine  
  46  4:55  SCV  
  47  5:05  Supply Depot  
  47  5:06  Marine  
  47  5:07  Marine  
  51  5:08  Supply Depot  
Show
View Real Time Build Order
Export as new Build Order

A.I. 1 (Hard) Terran 

Build Orders:  

Get SALT Encoding   

  12  0:00  SCV  
  13  0:13  SCV  
  14  0:20  Supply Depot  
  14  0:25  SCV  
  15  0:41  SCV  
  16  0:44  Barracks  
  16  0:50  Refinery  
  16  0:54  SCV  
  17  1:06  SCV  
  18  1:18  SCV  
  19  1:21  Supply Depot  
  19  1:30  SCV  
  19  1:32  Marine  
  21  1:41  Barracks  
  21  1:44  Orbital Command  
  21  1:49  Refinery  
  21  1:50  Barracks Tech Lab  
  21  2:07  Supply Depot  
  21  2:08  Marine  
  22  2:26  Marauder  
  22  2:27  Marine  
  25  2:45  Marine  
  25  2:48  Marauder  
  25  2:49  Supply Depot  
  28  2:54  SCV  
  29  3:03  Marine  
  30  3:06  SCV  
  30  3:09  Marine  
  30  3:10  Engineering Bay  
  32  3:19  SCV  
  33  3:21  Marine  
  34  3:27  Marauder  
  34  3:31  SCV  
  34  3:33  Supply Depot  
  37  3:38  Marine  
  38  3:43  SCV  
  38  3:48  Marine  
  40  3:55  SCV  
  41  4:06  Marauder  
  43  4:41  SCV  
  43  4:42  Marine  
  38  4:47  Marine  
  29  4:53  SCV  
  29  4:56  Factory  
  29  4:59  Factory  
  23  5:00  Marine  
  23  5:02  Command Center  
  23  5:05  Barracks Tech Lab, SCV  
  14  5:17  SCV  
Tags
 
Add a new tag
Caveats
  • Supply blocks, unpowered buildings, or Contaminate may cause inaccurate times.
  • Supply counts are checked every 10 seconds.